 Dungeon Crawl Stone Soup version 0.31.0-12-g77e489cdc1 (webtiles) character file.

Game seed: 8495456016204064370

11631 NitroKuite the Fighter (level 11, -4/72 HPs)
             Began as an Octopode Shapeshifter on Feb 16, 2024.
             Was a Priest of Hepliaklqana.
             Killed by angry trees
             ... awakened by a spriggan druid
              (12 damage)
             ... on level 2 of the Lair of Beasts.
             The game lasted 00:15:39 (6810 turns).

NitroKuite the Fighter (Octopode Shapeshifter)      Turns: 6810, Time: 00:15:39

Health: -4/72      AC:  1    Str: 15    XL:     11   Next: 80%
Magic:  11/11      EV: 21    Int: 16    God:    Hepliaklqana [***...]
Gold:   663        SH:  0    Dex: 11    Spells: 10/10 levels left

rFire   + .          .
                       - Unarmed
rCold   . . .        (no shield)
rNeg    + . .        (helmet currently unavailable)
rPois   .            l - amulet of regeneration
rElec   .            j - +5 ring of evasion
rCorr   .            p - ring of willpower
SInv    .            q - ring "Xantayheim" {rF+ rN+}
Will    +....        (no ring)
Stlth   ++           (no ring)
HPRegen 1.12/turn    (no ring)
MPRegen 0.12/turn    (no ring)
                     (no ring)

%: no passive effects
@: beast-form
A: beast (slay +4), reduced essence, almost no armour, amphibious, 8 rings,
camouflage 1, gelatinous body 1, (nimble swimmer 1), tentacles
a: Begin Untransformation, Renounce Religion, Recall Ancestor, Ancestor
Identity, Transference


You were on level 2 of the Lair of Beasts.
You worshipped Hepliaklqana.
Hepliaklqana was most pleased with you.
You were a hulking beast.
You visited 3 branches of the dungeon, and saw 11 of its levels.

You collected 663 gold pieces.

Inventory:

Hand Weapons
 a - the +7 sling of Arrival {drain, Will+++ Str-5}
   (You found it on level 3 of the Dungeon)

   Str-5:     It affects your strength (-5).
   Will+++:   It greatly increases your willpower.
 f - a +1 sling of flaming
Magical Staves
 y - a staff of cold
Jewellery
 j - a +5 ring of evasion (left tentacle)
 l - an amulet of regeneration (around mantle)
 p - a ring of willpower (right tentacle)
 q - the ring "Xantayheim" (on tentacle) {rF+ rN+}
   (You found it on level 3 of the Dungeon)

   [ring of positive energy]

   rF+:       It protects you from fire.
   rN+:       It protects you from negative energy.
Talismans
 b - a beast talisman
 c - a flux talisman
 x - a talisman of death
Wands
 w - a wand of flame (9)
 D - a wand of light (3)
 E - a wand of charming (6)
Scrolls
 i - a scroll of revelation {unknown}
 m - a scroll of identify
 n - 5 scrolls of enchant armour
 r - a scroll of torment
 t - 2 scrolls of teleportation
 u - a scroll of enchant weapon
 z - a scroll of vulnerability
 A - a scroll of blinking {unknown}
 C - a scroll of noise
 G - a scroll of amnesia {unknown}
 H - a scroll of acquirement {unknown}
Potions
 d - 2 potions of lignification
 e - 4 potions of might
 g - 2 potions of attraction {unknown}
 h - a potion of cancellation {unknown}
 k - 4 potions of curing
 o - 3 potions of degeneration
 s - a potion of mutation {unknown}
 v - a potion of brilliance {unknown}
 B - a potion of invisibility {unknown}
 F - a potion of haste {unknown}


   Skills:
 + Level 9.5 Fighting
 + Level 9.5 Dodging
 + Level 9.5 Unarmed Combat
 + Level 9.3 Shapeshifting


You had 10 spell levels left.
You didn't know any spells.
Your spell library contained the following spells:

 Spells                   Type           Power      Damage    Failure   Level
 Apportation              Tloc           0%         N/A       26%         1
 Magic Dart               Conj           0%         1d3       26%         1
 Blink                    Tloc           0%         N/A       36%         2
 Call Imp                 Summ           0%         N/A       36%         2
 Jinxbite                 Hex            0%         N/A       36%         2
 Lesser Beckoning         Tloc           0%         N/A       36%         2
 Momentum Strike          Conj/Tloc      0%         3d8       36%         2
 Sublimation of Blood     Necr           0%         N/A       36%         2
 Petrify                  Alch/Erth      0%         N/A       94%         4
 Alistair's Intoxication  Alch           0%         N/A       100%        5
 Irradiate                Conj/Alch      0%         3d11      100%        5


Dungeon Overview and Level Annotations

Branches:
Dungeon (8/15)             Temple (1/1) D:5            Lair (2/5) D:8
  Swamp: Lair:2-3    Shoals: Lair:2-3     Snake: Lair:2-3    Spider: Lair:2-3

Altars:
Ashenzari
Fedhas
Gozag
Hepliaklqana
Kikubaaqudgha
Makhleb
Nemelex Xobeh
Qazlal
Ru
Sif Muna
Trog
Uskayaw
Vehumet
Xom
Yredelemnul
Zin
The Shining One

Shops:
D:2 [

Annotations:
D:7 2 transporters, unihiutale's ghost, novice OpDe


Innate Abilities, Weirdness & Mutations

You are a hulking beast.
Your limbs bulge with bestial killing power. (Slay +4)
Your life essence is reduced to manifest your ancestor. (-10% HP)
You cannot wear most types of armour.
You are amphibious.
You can wear up to eight rings at the same time.
Your skin changes colour to match your surroundings (Stealth+).
Your rubbery body absorbs attacks. (AC +1, EV +1)
((You are camouflaged when in or above water. (Stealth+)))
You have tentacles for arms and can constrict up to eight enemies at once.


Message History

You shoot a sling bullet. Audrea avoids your attack.
The sling bullet hits the water moccasin.
The water moccasin is heavily wounded.
Audrea hits the water moccasin with a +0 quarterstaff!!
The water moccasin dies!
No target in view!
You see here a water moccasin corpse.
You pick up a book of Transmutation and begin reading...
You add the spells Sublimation of Blood, Petrify and Irradiate to your library.
Okay, then.
A spriggan druid comes into view. It is wielding a +0 quarterstaff.
You shoot a sling bullet.
The sling bullet hits the spriggan druid.
You drain the spriggan druid.
The spriggan druid is moderately wounded.
You shoot a sling bullet.
The sling bullet misses the spriggan druid.
The spriggan druid mumbles some strange words.
The forest starts to sway and rumble!
You hear an angry buzzing noise.
You hear a shout!
You shoot a sling bullet.
The sling bullet barely misses the spriggan druid.
You hear a loud, deep croak!
A tree reaches out and hits you!!
You feel roots moving beneath the ground.
A tree reaches out and hits you!
A spriggan druid comes into view. It is wielding a +0 quarterstaff.
You swap places.
Audrea is hit by a branch!
Something hits Audrea!
You are now empty-tentacled.
A tree reaches out and hits Audrea!
Audrea is destroyed!
The spriggan druid gestures at you while chanting.
The stone arrow hits you!!!
Ouch! That really hurt!
* * * LOW HITPOINT WARNING * * *
You bludgeon the spriggan druid! Your grab misses the spriggan druid.
You tentacle-slap the spriggan druid! Your squeeze misses the spriggan druid.
The spriggan druid is heavily wounded.
A tree reaches out and hits you!
You die...

# #P..##......♣ §§§ #
##..........♣ ♣ §i
####....)....#+♣♣...
##..#.....#....♣.♣.
...............♣..♣♣
...###P.#.#....♣... ..>#
###.......♣.♣ .. ...#
#......i♣♣♣♣♣♣♣♣♣♣.. #..###
........h♣....#....# ...#.#
##.#......#.......#.#
.#...##.P[.######.....#.....
....†....................P..
.#.....^# ...#..............
...##.#.............†.P..#..#
....##..P.............P.....#
##.####.P......#......+..#..#
...#.#..#......P......#.##..##


You could see a spriggan druid (drained).

Vanquished Creatures
  Gastronok (Lair:1)
  A hydra (Lair:2)
  3 black mambas
  A komodo dragon (Lair:1)
  A hornet (Lair:2)
  Prince Ribbit (D:8)
  Sigmund (D:6)
  3 yaks (Lair:1)
  A wyvern (D:8)
  A basilisk (Lair:2)
  6 water moccasins
  A black bear (D:4)
  2 orc warriors
  2 ice beasts (D:6)
  A centaur (D:6)
  6 wolves
  An ogre (D:4)
  2 phantoms
  2 bullfrogs
  4 scorpions
  3 wights (D:7)
  10 killer bees (D:8)
  A howler monkey (D:7)
  A crimson imp (D:6)
  3 jellies
  3 hounds (D:4)
  2 orc priests
  A sleepcap (D:5)
  Jessica (D:2)
  3 iguanas
  6 orc wizards
  Robin (D:2)
  7 gnolls
  6 adders
  A shadow imp (D:7)
  2 ufetubi (D:7)
  2 dart slugs
  4 ribbon worms
  40 orcs
  A ball python (D:1)
  5 endoplasms
  A giant cockroach (D:4)
  18 goblins
  8 hobgoblins
  4 jackals (D:4)
  3 quokkas
  2 bats
  8 frilled lizards
  6 kobolds
  11 rats
205 creatures vanquished.

Vanquished Creatures (collateral kills)
  Nergalle (Lair:2)
  2 cane toads
  2 rime drakes (Lair:2)
  A polar bear (Lair:1)
  A wyvern (Lair:2)
  2 yaks (Lair:1)
  Grum (Lair:1)
  5 water moccasins
  8 wolves
  2 bullfrogs
  A killer bee (D:8)
  A butterfly (Lair:1)
27 creatures vanquished.

Vanquished Creatures (others)
  An ancestor (Lair:1)
  5 battlemagi
6 creatures vanquished.

Grand Total: 238 creatures vanquished

Notes
Turn   | Place    | Note
-------+----------+-------------------------------------------
     0 | D:1      | NitroKuite the Octopode Shapeshifter began the quest for
                  | the Orb.
     0 | D:1      | Reached XP level 1. HP: 13/13 MP: 1/1
   243 | D:1      | Reached XP level 2. HP: 18/18 MP: 2/2
   461 | D:1      | Reached XP level 3. HP: 23/23 MP: 3/3
   707 | D:2      | Noticed Robin
   820 | D:2      | Found Akos's Armour Boutique.
   934 | D:2      | Reached XP level 4. HP: 21/29 MP: 4/4
  1135 | D:2      | Noticed Jessica
  1138 | D:2      | Killed Jessica
  1195 | D:2      | Killed Robin
  1238 | D:2      | Reached XP level 5. HP: 35/35 MP: 5/5
  1517 | D:3      | Identified the +7 sling of Arrival {drain, Will+++ Str-5}
  1710 | D:3      | Identified the ring "Xantayheim" {rF+ rN+}
  2108 | D:4      | Reached XP level 6. HP: 41/41 MP: 6/6
  2291 | D:4      | Noticed a black bear
  2297 | D:4      | Killed a black bear
  2298 | D:4      | Reached XP level 7. HP: 46/46 MP: 7/7
  2570 | D:5      | Entered Level 5 of the Dungeon
  2602 | D:5      | Reached skill level 5 in Unarmed Combat
  2677 | D:5      | Reached skill level 5 in Shapeshifting
  2721 | D:5      | Reached XP level 8. HP: 54/54 MP: 8/8
  2764 | D:5      | Reached skill level 5 in Dodging
  3034 | D:5      | Reached skill level 5 in Fighting
  3307 | D:5      | Found a staircase to the Ecumenical Temple.
  3316 | Temple   | Entered the Ecumenical Temple
  3327 | Temple   | Became a worshipper of Hepliaklqana the Forgotten
  3782 | D:6      | Noticed Sigmund
  3787 | D:6      | Killed Sigmund
  3788 | D:6      | Reached XP level 9. HP: 49/62 MP: 9/9
  4059 | D:6      | Found a radiant altar of Vehumet.
  4069 | D:6      | Found a burning altar of Makhleb.
  4599 | D:7      | Found a transporter.
  4610 | D:7      | Found a transporter.
  4627 | D:7      | Noticed unihiutale's ghost (novice OpDe)
  4843 | D:8      | Reached * piety under Hepliaklqana
  4888 | D:8      | Noticed Prince Ribbit
  4894 | D:8      | Killed Prince Ribbit
  4940 | D:8      | Found a hide-covered altar of Uskayaw.
  5029 | D:8      | Found a glowing silver altar of Zin.
  5031 | D:8      | Found an opulent altar of Gozag.
  5042 | D:8      | Found a basalt altar of Yredelemnul.
  5081 | D:8      | Reached XP level 10. HP: 63/63 MP: 10/10
  5141 | D:8      | Found a staircase to the Lair.
  5179 | D:8      | Found a glowing golden altar of the Shining One.
  5369 | Lair:1   | Entered Level 1 of the Lair of Beasts
  5389 | Lair:1   | Noticed Gastronok
  5413 | Lair:1   | Killed Gastronok
  5506 | Lair:1   | Noticed Grum
  5512 | Lair:1   | Killed Grum
  5598 | Lair:1   | Reached ** piety under Hepliaklqana
  5599 | Lair:1   | Remembered your ancestor Audrea as a battlemage
  5602 | Lair:1   | Noticed a cane toad
  5709 | Lair:1   | Killed a cane toad
  5716 | Lair:1   | Noticed a black mamba
  5721 | Lair:1   | Killed a black mamba
  5722 | Lair:1   | Reached XP level 11. HP: 70/70 MP: 11/11
  6291 | Lair:2   | HP: 3/70 [black mamba (13)]
  6555 | Lair:2   | Reached *** piety under Hepliaklqana
  6561 | Lair:2   | Noticed a six-headed hydra
  6628 | Lair:2   | Killed a six-headed hydra
  6717 | Lair:2   | Noticed Nergalle
  6723 | Lair:2   | Killed Nergalle
  6803 | Lair:2   | Noticed a spriggan druid
  6806 | Lair:2   | Noticed a spriggan druid
  6810 | Lair:2   | Killed from afar by a spriggan druid

Illustrated notes

Levels and vault maps discovered:
D:1:      matt_arrival_los_fun, layout_basic, minmay_quantized
D:2:      layout_loops_ring, serial_shops, shop, serial_bayou_pond_e,
          uniq_jessica, uniq_robin
D:3:      layout_rooms, hex_medium
D:4:      cheibrodos_pilgrimage, layout_gridville
D:5:      layout_loops_corners, lemuel_temple_firewalk_b
D:6:      layout_rooms, grunt_temple_overflow_lords_of_destruction, uniq_sigmund
D:7:      layout_rooms, gammafunk_ghost_stat_death, supply_closet_lemuel
D:8:      layout_basic, eat_drink_and_be_merry_uskayaw,
          nicolae_tso_swordbearing_angel, gammafunk_temple_overflow_forgotten,
          dpeg_oklobed_lair, uniq_prince_ribbit1
Temple:   hellmonk_temple_rainy
Lair:1:   layout_regular_city, grunt_megastairs_5, lemuel_fruit_fields,
          uniq_gastronok, uniq_grum
Lair:2:   layout_chaotic_city, mainiacjoe_swamp_entry_angry_trees,
          guppyfry_snake_entry_garden, uniq_nergalle

Skill      XL: |  1  2  3  4  5  6  7  8  9 10 11 |
---------------+----------------------------------+-----
Fighting       | 2 3 4 6 7 8 9 |  9.5
Dodging        | 3 4 6 7 8 9 |  9.5
Unarmed Combat | 4 5 6 7 8 9 |  9.5
Shapeshifting  | 4 5 6 8 9 |  9.3

Action                     |  1- 3 |  4- 6 |  7- 9 | 10-12 || total
---------------------------+-------+-------+-------+-------++-------
  Melee: Unarmed           |    18 |    20 |       |     3 ||    41
         Constrict         |     5 |     6 |       |     1 ||    12
         Tentacles         |     4 |     3 |       |     1 ||     8
         Punch             |     1 |     1 |       |     1 ||     3
   Fire: Sling             |    51 |   109 |   266 |   178 ||   604
 Invoke: Ancestor Life: Ba |       |       |       |     1 ||     1
  Evoke: Wand              |       |       |       |     5 ||     5
    Use: Scroll            |       |    11 |     2 |     3 ||    16
         Potion            |       |       |       |     3 ||     3
   Stab: Sleeping          |       |     1 |       |       ||     1
 Armour: Skin              |     7 |    19 |    46 |    45 ||   117
  Dodge: Dodged            |     7 |    44 |    99 |   105 ||   255
